 Dungeon Crawl Stone Soup version 0.25-a0-802-g0be837a (webtiles) character file.

Game seed: 4674889136559218305, levelgen mode: deterministic

295 2tousent the Insei (level 6, -3/50 HPs)
             Began as a Draconian Transmuter on Apr 18, 2020.
             Slain by a wight
             ... wielding a +4 war axe
              (8 damage)
             ... on level 4 of the Dungeon.
             The game lasted 00:10:54 (4068 turns).

2tousent the Insei (Draconian Transmuter)           Turns: 4068, Time: 00:10:54

Health: -3/50      AC:  6    Str: 13    XL:     6   Next: 11%
Magic:  9/9        EV: 11    Int: 13    God:
Gold:   179        SH:  0    Dex: 13    Spells: 4/9 levels left

rFire    . . .     SeeInvis .   e - +3 dagger (venom)
rCold    . . .     Gourm    .   (no shield)
rNeg     . . .     Faith    .   (armour unavailable)
rPois    .         Spirit   .   (helmet restricted)
rElec    .         Reflect  .   (no cloak)
rCorr    .         Harm     .   (no gloves)
MR       +....                  (no boots)
Stlth    ++........             (no amulet)
HPRegen  0.16/turn              c - ring of protection from magic
MPRegen  0.11/turn              n - ring of stealth

@: mighty, starving, drained
A: unfitting armour, cold-blooded, AC +6
a: no special abilities


You were on level 4 of the Dungeon.
You were starving.

You visited 1 branch of the dungeon, and saw 4 of its levels.

You collected 179 gold pieces.

Inventory:

Hand Weapons
 e - a +3 dagger of venom (weapon)
Missiles
 a - 54 arrows (quivered)
Jewellery
 c - a ring of protection from magic (left hand)
 n - a ring of stealth (right hand)
Scrolls
 f - 2 scrolls of identify
 i - 2 scrolls of enchant weapon
 j - 2 scrolls of remove curse
 l - a scroll of teleportation
Potions
 b - 4 potions of curing
 d - a potion of stabbing
 h - 3 potions of cancellation
 k - a potion of magic
 m - a potion of flight


   Skills:
 + Level 2.9(2.0) Fighting
 - Level 1.7(0.9) Dodging
 * Level 4.7(3.8) Unarmed Combat
 - Level 2.0(1.1) Spellcasting
 * Level 4.1(3.2) Transmutations
 + Level 1.8(1.0) Poison Magic


You had 4 spell levels left.
You knew the following spells:

 Your Spells              Type           Power        Failure   Level  Hunger
b - Spider Form           Tmut/Pois      #.........   34%         3    ####...
c - Sticks to Snakes      Tmut           #.......     11%         2    ###....

Your spell library contained the following spells:

 Spells                   Type           Power        Failure   Level  Hunger
 Beastly Appendage        Tmut           #.....       8%          1    ##.....
 Corona                   Hex            #......      28%         1    ##.....
 Ensorcelled Hibernation  Hex/Ice        #.....       38%         2    ###....
 Confusing Touch          Hex            #.......     63%         3    ####...
 Dazzling Flash           Conj/Hex       #.....       63%         3    ####...
 Tukima's Dance           Hex            #.......     63%         3    ####...
 Ice Form                 Ice/Tmut       #.......     80%         4    #####..
 Blade Hands              Tmut           #.........   90%         5    ######.


Dungeon Overview and Level Annotations

Branches:
Dungeon (4/15)
 Temple: D:4-7

Altars:


Innate Abilities, Weirdness & Mutations

Your plain brown scales are hard. (AC +6)
You cannot fit into any form of body armour.
You are cold-blooded and may be slowed by cold attacks.


Message History

You feel drained.
* * * LOW HITPOINT WARNING * * *
You hit the wight but do no damage.
The wight is lightly damaged.
The wight hits you with a +4 war axe.
* * * LOW HITPOINT WARNING * * *
You hit the wight but do no damage.
The wight is lightly damaged.
The wight completely misses you.
You closely miss the wight. You tail-slap the wight.
The wight is moderately damaged.
You hit the wight but do no damage.
The wight is moderately damaged.
The wight closely misses you.
You feel better. The wight misses you.
You feel better. The wight hits you with a +4 war axe!
* * * LOW HITPOINT WARNING * * *
You feel very mighty all of a sudden. The wight hits you with a +4 war axe!
You die...

#####
....############################
....#......#.....#.............#
....#......#.....#.............#
....#......#.....+.............#
...<#......#.....#.............#
...)#......#.....#.............#
....###'#######..####.##..###'###
..............#.@####.##+##......
..............#.z..#......#......
..............#.<..'......#......
..............#.)..#......#......
..............#....#......#......
..............###########'#......
####'###..............รท........##
#...#.......................#
#...#.......................#


You could see a wight.

Vanquished Creatures
  A worker ant (D:4)
  2 hound skeletons
  4 adders
  4 gnolls (D:3)
  An ooze (D:3)
  3 worms
  2 dart slugs (D:3)
  3 orcs
  2 giant cockroaches
  7 goblins
  8 hobgoblins
  3 jackals (D:3)
  4 quokkas
  A ball python (D:2)
  7 bats
  7 frilled lizards
  9 kobolds
  10 rats
78 creatures vanquished.

Vanquished Creatures (collateral kills)
  3 wights (D:4)
3 creatures vanquished.

Grand Total: 81 creatures vanquished

Notes
Turn   | Place    | Note
-------+----------+-------------------------------------------
     0 | D:1      | 2tousent the Draconian Transmuter began the quest for the
                  | Orb.
     0 | D:1      | Reached XP level 1. HP: 16/16 MP: 3/3
   354 | D:1      | Reached XP level 2. HP: 18/23 MP: 5/5
   360 | D:1      | Learned a level 2 spell: Sticks to Snakes
  1725 | D:2      | Reached XP level 3. HP: 28/29 MP: 6/6
  1735 | D:2      | Learned a level 3 spell: Spider Form
  2322 | D:3      | Reached XP level 4. HP: 31/36 MP: 7/7
  2410 | D:3      | HP: 1/36 [poisoned by a kobold]
  3032 | D:3      | Reached skill level 1 in Poison Magic
  3340 | D:3      | Reached XP level 5. HP: 42/42 MP: 8/8
  3821 | D:4      | Reached XP level 6. HP: 17/50 MP: 3/9
  4068 | D:4      | Slain by a wight

Levels and vault maps discovered:
D:1:      zaba_arrival_water, layout_basic
D:2:      layout_loops_ring
D:3:      minmay_chambers_of_twos, layout_basic
D:4:      layout_gridville, nicolae_alphabet_shops, uniq_edmund

Skill      XL: |  1  2  3  4  5 |
---------------+----------------+-----
Transmutations | 3 4 |  4.1
Fighting       | 2 |  2.9
Unarmed Combat | 4 |  4.7
Poison Magic   | 1 |  1.8
Dodging        | |  1.7
Spellcasting   | |  2.0

Action                   |  1- 3 |  4- 6 || total
-------------------------+-------+-------++-------
Melee: Unarmed           |    53 |    18 ||    71
       Tailslap          |    16 |    14 ||    30
       Dagger            |    84 |    90 ||   174
 Cast: Beastly Appendage |     1 |       ||     1
       Spider Form       |       |     2 ||     2
       Sticks to Snakes  |       |     8 ||     8
  Use: Scroll            |     9 |     3 ||    12
       Potion            |       |     3 ||     3
  Eat: Ration            |     1 |     1 ||     2
       Chunk             |     1 |     2 ||     3
Armor: Skin              |    48 |    28 ||    76
Dodge: Dodged            |    78 |    67 ||   145

Table legend:
 A = Non-vault XP
 B = Vault XP
 C = Vault XP percentage of total XP
 D = Non-vault monster count
 E = Vault monster count
 F = Vault count percentage of total count
                 A         B        C        D         E       F
            +---------+---------+-------+---------+---------+-------
      Total |     392 |      30 |   7.1 |      73 |       8 |   9.9
            +---------+---------+-------+---------+---------+-------
        D:1 |      26 |       0 |   0.0 |      18 |       0 |   0.0
        D:2 |      55 |       0 |   0.0 |      19 |       0 |   0.0
        D:3 |     129 |      30 |  18.9 |      29 |       8 |  21.6
        D:4 |     182 |       0 |   0.0 |       7 |       0 |   0.0
            +---------+---------+-------+---------+---------+-------
